 Dungeon Crawl Stone Soup version 0.31-a0-236-g9a0961fb85 (webtiles) character file.

Game seed: 7009836847023741954

86 qw the Shooter (level 4, -5/36 HPs)
             Began as a Minotaur Hexslinger on July 10, 2023.
             Killed from afar by Ijyb (20 damage)
             ... with a bolt of acid
             ... on level 3 of the Dungeon.
             The game lasted 00:00:40 (1843 turns).

qw the Shooter (Minotaur Hexslinger)                Turns: 1843, Time: 00:00:41

Health: -5/36      AC:  2    Str: 12    XL:     4   Next: 27%
Magic:  0/4        EV: 16    Int: 10    God:
Gold:   98         SH:  0    Dex: 15    Spells: 4/5 levels left

rFire   . . .        Y - +2 sling (flame)
rCold   . . .        (no shield)
rNeg    . . .        j - +0 ring mail
rPois   .            (helmet restricted)
rElec   .            (no cloak)
rCorr   .            (no gloves)
SInv    .            e - +0 pair of boots
Will    .....        f - amulet of guardian spirit
Stlth   +            h - +5 ring of evasion
HPRegen 0.26/turn    (no ring)
MPRegen 0.09/turn

%: guardian spirit
@: corroded
A: horns 2, retaliatory headbutt
a: no special abilities


You were on level 3 of the Dungeon.
You visited 1 branch of the dungeon, and saw 3 of its levels.

You collected 98 gold pieces.


Innate Abilities, Weirdness & Mutations

You have a pair of horns on your head.
You reflexively headbutt those who attack you in melee.


   Skills:
 - Level 2.0 Fighting
 + Level 4.5 Ranged Weapons
 - Level 1.2 Armour
 - Level 2.1 Dodging
 - Level 1.0 Spellcasting
 - Level 2.0 Hexes


You had 4 spell levels left.
You knew the following spells:

 Your Spells              Type           Power      Damage    Failure   Level
a - Slow                  Hex            16%        N/A       34%         1

Your spell library contained the following spells:

 Spells                   Type           Power      Damage    Failure   Level
 Inner Flame              Hex/Fire       2%         N/A       83%         3
 Portal Projectile        Hex/Tloc       4%         N/A       83%         3
 Cause Fear               Hex            2%         N/A       98%         4

Inventory:

Hand Weapons
 Y - a +2 sling of flaming (weapon)
Armour
 e - a +0 pair of boots (worn)
 j - a +0 ring mail (worn)
Jewellery
 f - an amulet of guardian spirit (around neck)
 h - a +5 ring of evasion (left hand)
Scrolls
 a - a scroll of torment {unknown}
 l - a scroll of identify
Potions
 d - a potion of mutation
 k - a potion of ambrosia {unknown}
 m - a potion of enlightenment {unknown}

Dungeon Overview and Level Annotations

Branches:
Dungeon (3/15)

Altars:

Annotations:
D:3 Ijyb


Message History

Enter note: You shoot a sling bullet.
The sling bullet closely misses Ijyb.
Ijyb zaps a wand.
The bolt of acid misses you.
You shoot a sling bullet. The sling bullet closely misses Ijyb.
You shoot a sling bullet. The sling bullet hits Ijyb.
The sling bullet burns Ijyb.
Ijyb is lightly wounded.
You shoot a sling bullet. The sling bullet barely misses Ijyb.
Ijyb hits you with a +0 club.
You shoot a sling bullet.
The sling bullet hits Ijyb but does no damage.
Ijyb is lightly wounded.
Ijyb hits you with a +0 club.
You shoot a sling bullet.
The sling bullet hits Ijyb but does no damage.
Ijyb is lightly wounded.
A kobold comes into view. It is wielding a +0 dagger.
Ijyb hits you with a +0 club.
Ijyb zaps a wand.
The bolt of acid misses you.
The kobold shouts!
You shoot a sling bullet. The sling bullet closely misses Ijyb.
The sling bullet hits the kobold.
The sling bullet burns the kobold.
The kobold is severely wounded.
Ijyb barely misses you.
You shoot a sling bullet. The sling bullet hits Ijyb.
The sling bullet burns Ijyb.
Ijyb is lightly wounded.
Ijyb completely misses you. Ijyb hits you with a +0 club.
You shoot a sling bullet. The sling bullet barely misses Ijyb.
Ijyb barely misses you.
You shoot a sling bullet. The sling bullet hits the kobold.
The sling bullet burns the kobold.
You kill the kobold!
Ijyb misses you.
You shoot a sling bullet.
The sling bullet hits Ijyb but does no damage.
Ijyb is lightly wounded.
Ijyb zaps a wand.
The bolt of acid hits you! The acid corrodes you!
Ijyb zaps a wand.
The bolt of acid hits you!!
Ouch! That really hurt!
You die...

#... ##.# #..# ...
#..# ###..! ## #..#
..... .# #..#
#.#.#.# #..## #
#..... #..##
#..#.g)# .######....
#.#.#@# ...........
#.....## #######....
#......## #.###
#..#.#..##########.#
#
##......##.........#
####...##.#########
##.....#.#
#........######## #
#................. .


You could see Ijyb.

Vanquished Creatures
  3 adders
  2 worms
  5 endoplasms (D:1)
  3 giant cockroaches
  5 goblins
  6 hobgoblins
  3 jackals (D:2)
  A quokka (D:2)
  4 ball pythons
  A bat (D:1)
  6 frilled lizards
  7 kobolds
  6 rats
52 creatures vanquished.

Notes
Turn   | Place    | Note
-------+----------+-------------------------------------------
     0 | D:1      | qw the Minotaur Hexslinger began the quest for the Orb.
     0 | D:1      | Reached XP level 1. HP: 16/16 MP: 1/1
     0 | D:1      | 0 ||| qw: Version: 0.3-a-52-g30416fa
     0 | D:1      | 0 ||| qw: Game counter: 4935
     0 | D:1      | 0 ||| qw: Melee chars always use a shield: true
     0 | D:1      | 0 ||| qw: God list: Okawaru
     0 | D:1      | 0 ||| qw: Allow faded altars: false
     0 | D:1      | 0 ||| qw: Do Orc after clearing Dungeon:15 true
     0 | D:1      | 0 ||| qw: Do second Lair branch before Depths: true
     0 | D:1      | 0 ||| qw: Lair rune preference: random
     0 | D:1      | 0 ||| qw: Goals: Normal
     0 | D:1      | 0 ||| PLANNING D:1-11
   119 | D:1      | Reached skill level 3 in Ranged Weapons
   134 | D:1      | Reached XP level 2. HP: 23/23 MP: 2/2
   671 | D:1      | 671 ||| UPGRADING to +0 ring mail.
   681 | D:1      | 681 ||| DROPPING +0 robe.
   682 | D:1      | 682 ||| UPGRADING to amulet of guardian spirit.
   687 | D:1      | 687 ||| UPGRADING to +5 ring of evasion.
   688 | D:1      | 688 ||| READING scroll labelled QECIR XETAOR.
   689 | D:1      | 689 ||| READING scroll labelled VOUBRI KAGGEONT.
   690 | D:1      | 690 ||| READING scroll labelled TECLAV CEMMOF.
   691 | D:1      | 691 ||| READING 2 scrolls labelled CAWNEN XI QUCA.
   692 | D:1      | 692 ||| DROPPING scroll of poison.
   744 | D:2      | Reached XP level 3. HP: 29/29 MP: 3/3
   873 | D:2      | Reached skill level 4 in Ranged Weapons
   881 | D:2      | Reached skill level 1 in Armour
  1400 | D:2      | Reached XP level 4. HP: 36/36 MP: 4/4
  1537 | D:2      | 1537 ||| UPGRADING to +0 pair of boots.
  1542 | D:2      | 1542 ||| READING scroll labelled HYULET YBBET.
  1543 | D:2      | 1543 ||| READING scroll labelled PEIMEI BESI DOSECS.
  1544 | D:2      | 1544 ||| READING scroll labelled GOADUOPEUME.
  1547 | D:2      | 1547 ||| READING 2 scrolls of identify.
  1547 | D:2      | 1547 ||| IDENTIFYING bubbling sapphire potion
  1832 | D:3      | Noticed Ijyb
  1843 | D:3      | Killed from afar by Ijyb

Levels and vault maps discovered:
D:1:      dpeg_arrival_water_temple_mockup, layout_basic, minmay_split_cup_large
D:2:      layout_basic, nrook_mini_vaults, dreamdust_princess_corridor,
          minmay_tromino_v7
D:3:      layout_loops_ring, minmay_misc_feat_five, uniq_ijyb

Skill      XL: |  1  2  3 |
---------------+----------+-----
Ranged Weapons | 3 4 |  4.5
Fighting       | 2 |  2.0
Armour         | 1 |  1.2
Dodging        | |  2.1
Spellcasting   | |  1.0
Hexes          | |  2.0

Action                     |  1- 3 |  4- 6 || total
---------------------------+-------+-------++-------
   Fire: Sling             |   114 |    26 ||   140
    Use: Scroll            |     4 |     4 ||     8
 Armour: Robe              |     5 |       ||     5
         Ring mail         |     7 |       ||     7
  Dodge: Dodged            |    40 |    11 ||    51

Table legend:
 A = Non-vault XP
 B = Vault XP
 C = Vault XP percentage of total XP
 D = Non-vault monster count
 E = Vault monster count
 F = Vault count percentage of total count
                 A         B        C        D         E       F
            +---------+---------+-------+---------+---------+-------
      Total |     112 |      12 |   9.7 |      44 |       8 |  15.4
            +---------+---------+-------+---------+---------+-------
        D:1 |      31 |       6 |  16.2 |      20 |       4 |  16.7
        D:2 |      54 |       6 |  10.0 |      17 |       4 |  19.0
        D:3 |      27 |       0 |   0.0 |       7 |       0 |   0.0
            +---------+---------+-------+---------+---------+-------
